 Dungeon Crawl Stone Soup version 0.31-a0-460-g9e667d4245 (webtiles) character file.

Game seed: 5146439304171413080

3 Xavori the Trooper (level 1, 16/16 (20) HPs)
             Began as a Djinni Chaos Knight on Aug 4, 2023.
             Was a Plaything of Xom.
             Quit the game on level 1 of the Dungeon.
             The game lasted 00:00:19 (3950 turns).

Xavori the Trooper (Djinni Chaos Knight)            Turns: 3950, Time: 00:00:20

HP:   16/16 (20)    AC:  5    Str: 10 (11) XL:     1   Next: 55%
Gold: 0             EV: 11    Int: 13      God:    Xom [.*....] SH:  0 Dex: 12

rFire   + + .        a - +0 falchion (chaos)
rCold   x . .        (no shield)
rNeg    . . .        b - +2 leather armour
rPois   ∞            (no helmet)
rElec   .            (no cloak)
rCorr   .            (no gloves)
SInv    .            (boots unavailable)
Will    .....        (no amulet)
Stlth   +            (no ring)
HPRegen 0.22/turn    (no ring)
MPRegen 0.00/turn

%: random rage (3%)
@: flying, heavily drained
A: sickness immunity, fire resistance 2, cold vulnerability 1, float, innate
caster, HP casting, extra vitality 1, berserk 1, screaming 1
a: Renounce Religion


You were on level 1 of the Dungeon.
You worshipped Xom.
You were a plaything of Xom.
You visited 1 branch of the dungeon, and saw 1 of its levels.

Inventory:

Hand Weapons
 a - a +0 falchion of chaos (weapon)
Armour
 b - a +2 leather armour (worn)
Scrolls
 c - a scroll of butterflies


   Skills:
 + Level 3.0 Fighting
 + Level 2.6 Long Blades
 + Level 1.0 Armour
 + Level 2.1 Dodging You didn't know any spells. Your spell library was empty.

Dungeon Overview and Level Annotations

Branches:
Dungeon (1/15)

Altars:


Innate Abilities, Weirdness & Mutations

You are immune to sickness and miasma.
You are immune to poison.
Your flesh is very heat resistant. (rF++)
You are vulnerable to cold. (rC-)
You float through the air rather than walking.
You learn spells naturally, not from books.
Your magical power is your life essence.
You have superior vitality. (+4 MHP)
You sometimes lose your temper in combat.
You occasionally shout uncontrollably at your foes.


Message History

You start waiting. "There, this looks better."
You start waiting.
You start waiting.
You start waiting.
You start waiting.
You start waiting.
You start waiting.
Your butterfly disappears in a puff of smoke!
You start waiting.
Your butterfly disappears in a puff of smoke! x4
You start waiting.
You start waiting.
You start waiting.
You start waiting.
You start waiting.
You start waiting.
You start waiting.
You start waiting.
You start waiting.
You start waiting.
You start waiting. "This place needs a little more atmosphere."
You are now a plaything of Xom.
You start waiting.
You start waiting.
Xom is getting BORED.
You start waiting.
Your trail of clouds dissipates.
You start waiting.
Xom is getting BORED.
You start waiting.
You are now a BORING thing.
You start waiting. "Fight to survive, mortal."
You are now a plaything of Xom.
A gnoll is nearby!
A gnoll is nearby!
A gnoll is nearby!
Are you sure you want to abandon this character and quit the game? (Confirm with "yes".)

# ###.##
###......
#......#
#.# #.#
#)# #.# #
#@#.#.#
#.....#
###g.....
.##### ,
#


l You could see a gnoll (summoned).

Vanquished Creatures
  A kobold (D:1)
  A quokka (D:1)
  A rat (D:1)
3 creatures vanquished.

Notes
Turn   | Place    | Note
-------+----------+-------------------------------------------
     0 | D:1      | Xavori the Djinni Chaos Knight began the quest for the Orb.
     0 | D:1      | Reached XP level 1. HP: 20/20 MP: 0/0
    15 | D:1      | XOM: silly message
    96 | D:1      | XOM: divination: magic mapping
   173 | D:1      | XOM: silly message
  1134 | D:1      | XOM is BORED!
  1134 | D:1      | XOM: 1-stop teleportation journey
  1251 | D:1      | XOM: summons 1 hostile demon
  1252 | D:1      | Noticed a crimson imp
  2129 | D:1      | XOM: divination: detect creatures
  2329 | D:1      | XOM: give mutations
  2329 | D:1      | Gained mutation: You occasionally shout uncontrollably at
                  | your foes. [Xom's mischief]
  2329 | D:1      | Gained mutation: You expend health (3 HP) to strengthen
                  | your wands. [Xom's mischief]
  2329 | D:1      | Gained mutation: You sometimes lose your temper in combat.
                  | [Xom's mischief]
  2329 | D:1      | Lost mutation: You expend health (3 HP) to strengthen your
                  | wands. [Xom's mischief]
  2480 | D:1      | XOM: draining
  3101 | D:1      | XOM: silly message
  3220 | D:1      | XOM: stat loss: -1 Str (10/11)
  3352 | D:1      | XOM: scenery: summon butterflies
  3807 | D:1      | XOM: cloud trail
  3949 | D:1      | XOM is BORED!
  3949 | D:1      | XOM: summons 1 hostile shadow creature
  3950 | D:1      | Quit the game

Illustrated notes

Levels and vault maps discovered:
D:1:      onia_arrival_zoo_common, layout_loops_corners

Action                     || total
---------------------------++-------
  Melee: Falchion          ||    13
   Stab: Sleeping          ||     1
 Armour: Leather armour    ||     3
  Dodge: Dodged            ||     5

Table legend: (Time is in decaauts)
 A = Elapsed time spent in this place.
 B = Non-inter-level travel time spent in this place.
 C = Inter-level travel time spent in this place.
 D = Time resting spent in this place.
 E = Time spent auto-exploring this place.
 F = Levels seen in this place.
 G = Mean time per level.
                   A        B        C        D        E       F      G
               +--------+--------+--------+--------+--------+-----+--------+
         Total |   3952 |   3952 |      0 |   3928 |      0 |   1 | 3952.0 |
       Dungeon |   3952 |   3952 |      0 |   3928 |      0 |   1 | 3952.0 |
               +--------+--------+--------+--------+--------+-----+--------+

Top non-repeatable levels by time:
     D:1: 3952 daAuts
